AoeStats
← Beerfully

Nomad

510405448Analyzed
3v3 RM · 1d ago on Sep 30, 2026· 28m 33s· 6 players
Game mode
Random Map
Map size
210×210
Population
200
Speed
Normal
Resources
Standard
Victory
Conquest
Starting age
Dark Age
Ending age
Imperial Age
RankedLock teamsTeams togetherTeam positionsShared explorationLock speedFull tech treeHidden civsTurbo modeCheats
Victory
Defeat
🇨🇱 Aztecs · Chile
1321
+13
🇨🇱 Dravidians · Chile
1318
+13
🇨🇱 Lithuanians · Chile
1298
+14
🇲🇽 Bulgarians · Mexico
1284
-15
🇵🇪 Saracens · Peru
1255
-13
🇨🇦 Mongols · Canada
1224
-12
Iynn
7:43 Loom
12:46 Feudal Age
17:07 Castle Age
15:23 Horse Collar
15:31 Double-Bit Axe
17:37 Bloodlines
Escala
4:42 Loom
14:39 Feudal Age
16:53 Fletching
20:34 Double-Bit Axe
21:57 Padded Archer Armor
28:01 Castle Age
Jovac
4:31 Loom
14:51 Feudal Age
19:42 Castle Age
17:50 Double-Bit Axe
18:34 Horse Collar
23:27 Bloodlines
26:14 Scale Barding Armor
Beerfully
5:28 Loom
12:50 Feudal Age
14:07 Double-Bit Axe
16:51 Castle Age
16:45 Bloodlines
16:48 Scale Barding Armor
19:41 Husbandry
19:35 Gold Mining
22:42 Forging
24:07 Wheelbarrow
26:20 Stone Mining
27:54 Chain Barding Armor
28:02 Horse Collar
Julio_15
4:35 Loom
10:03 Loom
12:37 Feudal Age
13:51 Double-Bit Axe
16:10 Fletching
19:37 Castle Age
18:09 Fishing Lines
22:24 Bodkin Arrow
23:31 Medium Warships
26:44 Scale Mail Armor
28:17 Wheelbarrow
Kirintor
4:37 Loom
14:19 Feudal Age
19:12 Castle Age
18:55 Fletching
21:06 Bodkin Arrow
28:44 Devotion
Connection lost

Rejoining the realm…

Still unreachable

The connection could not be restored.

Session expired

The server has moved on; the page needs a fresh start.